AoeStats
← El Don Natas

Arabia

508570826Analyzed
2v2 RM · 10d ago on Sep 23, 2026· 50m 51s· 4 players
Game mode
Random Map
Map size
Medium (4 player)
Population
200
Speed
Normal
Resources
Standard
Victory
Conquest
Starting age
Dark Age
Ending age
Imperial Age
RankedLock teamsTeams togetherTeam positionsShared explorationLock speedFull tech treeHidden civsTurbo modeCheats
Victory
Defeat
🇨🇱 Sicilians · Chile
1056
+17
🇨🇱 Britons · Chile
1051
+17
🇨🇦 Varangians · Canada
1108
-18
🇲🇽 Mongols · Mexico
1058
-16
Addicted8763
0:33 Loom
9:51 Feudal Age
15:45 Double-Bit Axe
23:04 Castle Age
23:51 Wheelbarrow
24:26 Bow Saw
24:48 Horse Collar
25:09 Gold Mining
33:16 Pikeman
34:51 Heavy Plow
36:32 Scale Barding Armor
36:38 Forging
37:54 Bloodlines
37:45 Husbandry
39:55 Chain Barding Armor
40:20 Iron Casting
40:58 Stone Mining
41:56 Hand Cart
44:58 Imperial Age
45:02 Squires
45:07 Elite Jarl
47:15 Blast Furnace
46:05 Halberdier
ZopePunk
10:11 Feudal Age
10:49 Loom
11:13 Double-Bit Axe
18:16 Castle Age
24:31 Bloodlines
27:58 Forging
27:54 Scale Barding Armor
34:50 Fletching
35:36 Iron Casting
35:46 Wheelbarrow
37:41 Gold Mining
38:29 Bow Saw
38:09 Horse Collar
41:57 Imperial Age
39:58 Bodkin Arrow
40:04 Padded Archer Armor
41:08 Thumb Ring
41:30 Ballistics
41:06 Murder Holes
41:36 Hand Cart
41:07 Town Watch
42:27 Leather Archer Armor
42:57 Heavy Plow
43:25 Parthian Tactics
44:05 Chemistry
43:59 Conscription
44:06 Bracer
45:55 Town Patrol
46:57 Blast Furnace
46:18 Chain Barding Armor
45:59 Heavy Camel Rider
46:41 Husbandry
SirGeorgeWL
9:31 Feudal Age
7:47 Loom
10:03 Double-Bit Axe
15:02 Fletching
23:01 Castle Age
21:06 Padded Archer Armor
21:29 Man-at-Arms
22:23 Forging
22:16 Gold Mining
23:12 Horse Collar
29:45 Scale Mail Armor
29:11 Pikeman
30:17 Long Swordsman
32:49 Wheelbarrow
32:41 Crossbowman
34:42 Scale Barding Armor
35:50 Hand Cart
38:12 Squires
40:02 Bow Saw
41:05 Bodkin Arrow
41:26 Leather Archer Armor
46:08 Imperial Age
44:23 Iron Casting
44:09 Chain Barding Armor
45:29 Yeomen
46:45 Ballistics
46:21 Murder Holes
46:50 Chain Mail Armor
46:16 Arbalester
46:19 Cranequins
46:19 Heavy Mounted Crossbowman
46:27 Elite Skirmisher
46:30 Capped Ram
47:37 Conscription
48:37 Bracer
49:08 Ring Archer Armor
49:17 Plate Barding Armor
49:02 Caravan
50:38 Chemistry
El Don Natas
6:23 Loom
9:22 Feudal Age
9:52 Double-Bit Axe
11:03 Horse Collar
21:45 Castle Age
20:48 Forging
21:12 Bloodlines
21:55 Scale Barding Armor
21:42 Gold Mining
22:42 Bow Saw
23:37 Wheelbarrow
24:19 Husbandry
26:18 Iron Casting
27:10 Chain Barding Armor
29:19 Hand Cart
32:26 Town Watch
33:58 Town Patrol
39:33 Imperial Age
37:51 Fletching
38:06 Heavy Plow
38:00 Stone Mining
38:46 Gold Shaft Mining
39:44 Sanctity
39:41 Cavalier
41:23 Blast Furnace
41:00 Plate Barding Armor
41:03 Stone Shaft Mining
41:12 Crop Rotation
41:20 Conscription
42:09 Hauberk
42:01 Bodkin Arrow
43:50 Light Cavalry
46:52 Chemistry
46:12 Ballistics
45:55 Bracer
45:56 Padded Archer Armor
47:17 Pikeman
47:44 Gambesons
48:00 Squires
50:14 Siege Engineers
49:36 Halberdier
50:02 Arson
50:18 Scale Mail Armor
50:33 Leather Archer Armor
50:50 Fervor
51:05 Illumination
50:36 Herbal Medicine
50:41 Devotion
Connection lost

Rejoining the realm…

Still unreachable

The connection could not be restored.

Session expired

The server has moved on; the page needs a fresh start.